AoeStats
← danilevanchd

MegaRandom

508481809Analyzed
2v2 RM · 10d ago on Sep 22, 2026· 22m 7s· 4 players
Game mode
Random Map
Map size
Medium (4 player)
Population
200
Speed
Normal
Resources
Standard
Victory
Conquest
Starting age
Dark Age
Ending age
Imperial Age
RankedLock teamsTeams togetherTeam positionsShared explorationLock speedFull tech treeHidden civsTurbo modeCheats
Victory
Defeat
🇸🇪 Saxons · Sweden
1040
+17
🇸🇪 Varangians · Sweden
971
+19
🇨🇴 Muisca · Colombia
1052
-18
🇬🇧 Bohemians · United Kingdom
1046
-18
keva98
11:38 Feudal Age
15:11 Castle Age
13:13 Double-Bit Axe
13:44 Horse Collar
17:09 Loom
danilevanchd
6:03 Loom
10:55 Feudal Age
14:34 Castle Age
13:10 Double-Bit Axe
14:46 Horse Collar
17:27 Wheelbarrow
17:06 Husbandry
22:41 Scale Barding Armor
Mackem Mover16
11:09 Feudal Age
15:36 Castle Age
13:58 Double-Bit Axe
13:56 Horse Collar
larrery
5:50 Loom
9:58 Feudal Age
10:32 Double-Bit Axe
18:11 Castle Age
16:48 Fletching
17:08 Padded Archer Armor
16:52 Horse Collar
17:40 Gold Mining
Connection lost

Rejoining the realm…

Still unreachable

The connection could not be restored.

Session expired

The server has moved on; the page needs a fresh start.